Map: Blackpink LE

Players

Roditj - Winner!

  • Race: Protoss Protoss
  • Spawn Location: 1:00

QeeFahS

  • Race: Terran Terran
  • Spawn Location: 7:00

VOD

Have the link to the VOD?

Description

Time

  • Played on: Dec. 19, 2017, 11:11 a.m.
  • Length: 13:59
Show
View Real Time Build Order
Export as new Build Order

Roditj Protoss - Winner!

Build Orders:  

Get SALT Encoding   

  12  0:11  Probe (Chrono Boost)  
  13  0:17  Pylon  
  13  0:18  Probe (Chrono Boost)  
  14  0:36  Gateway  
  14  0:43  Probe  
  15  0:53  Assimilator  
  15  0:55  Probe  
  16  1:01  Pylon  
  17  1:20  Probe (Chrono Boost)  
  18  1:27  Probe (Chrono Boost)  
  18  1:28  Cybernetics Core  
  18  1:33  Forge  
  18  1:36  Probe  
  19  1:46  Zealot  
  21  1:55  Probe  
  22  2:07  Assimilator, Probe  
  23  2:13  Warp Gate, Zealot  
  25  2:31  Nexus  
  25  2:43  Protoss Ground Weapons Level 1  
  25  2:46  Pylon  
  25  3:01  Gateway  
  25  3:17  Assimilator  
  27  3:21  Assimilator, Adept (Chrono Boost)  
  27  3:25  Probe  
  28  3:37  Probe  
  29  3:45  Stargate  
  29  3:50  Twilight Council  
  29  3:57  Probe  
  29  3:59  Probe  
  31  4:09  Probe  
  32  4:22  Probe  
  32  4:23  Robotics Facility  
  33  4:28  Probe  
  34  4:34  Probe  
  34  4:36  Sentry  
  34  4:37  Protoss Ground Armor Level 1, Adept  
  39  4:41  Probe  
  40  4:46  Probe  
  41  4:53  Probe  
  41  4:58  Probe  
  39  5:00  Photon Cannon  
  39  5:03  Stalker, Photon Cannon  
  35  5:10  Probe  
  36  5:16  Stalker  
  36  5:26  Zealot  
  36  5:31  Immortal  
  32  5:52  Stalker x2  
  36  5:59  Photon Cannon  
  36  6:17  Adept  
  36  6:18  Adept  
  36  6:26  Immortal  
  34  6:39  Stalker  
  36  6:41  Stalker  
  36  6:54  Pylon  
  36  6:55  Probe  
  36  6:56  Pylon  
  37  7:05  Immortal  
  37  7:07  Probe  
  42  7:16  Protoss Shields Level 1, Gateway  
  42  7:19  Stalker, Probe  
  42  7:20  Zealot  
  47  7:31  Probe  
  48  7:54  Void Ray  
  48  7:57  Immortal  
  56  8:06  Photon Cannon  
  56  8:07  Probe  
  56  8:09  Probe (Chrono Boost)  
  59  8:20  Shield Battery  
  59  8:23  Probe (Chrono Boost)  
  59  8:30  Probe (Chrono Boost)  
  59  8:33  Probe  
  60  8:37  Gateway  
  61  8:41  Pylon  
  61  8:42  Resonating Glaives  
  61  8:45  Probe  
  62  8:55  Pylon  
  62  8:56  Pylon  
  62  9:01  Pylon  
  62  9:18  Void Ray  
  62  9:21  Stalker x2  
  70  9:24  Zealot  
  72  9:51  Sentry, Zealot  
  72  9:52  Stalker  
  78  10:10  Warp Prism  
  80  10:15  Protoss Ground Weapons Level 2  
  80  10:17  Protoss Air Weapons Level 1  
  80  10:20  Void Ray  
  84  10:22  Charge  
  84  10:26  Nexus  
  84  10:29  Assimilator  
  82  11:04  Stalker x2  
  82  11:05  Adept  
  82  11:06  Adept  
  90  11:23  Templar Archives  
  90  11:25  Dark Shrine  
  90  11:29  Fleet Beacon  
  90  11:31  Robotics Bay  
  90  11:33  Zealot  
  90  11:34  Sentry  
  94  11:57  Probe x2  
  96  12:16  Stalker x2  
  96  12:17  Stalker  
  96  12:48  Stalker  
  96  12:49  Stalker, High Templar  
  96  12:50  High Templar  
  104  13:47  Stalker  
  104  13:48  Stalker x3  
Show
View Real Time Build Order
Export as new Build Order

QeeFahS Terran 

Build Orders:  

Get SALT Encoding   

  12  0:02  SCV  
  13  0:14  SCV  
  13  0:18  Supply Depot  
  14  0:26  SCV  
  15  0:40  SCV  
  16  0:43  Refinery  
  16  0:52  SCV  
  16  0:56  Barracks  
  18  1:04  SCV  
  18  1:16  SCV  
  19  1:18  Supply Depot  
  19  1:28  SCV  
  20  1:40  SCV  
  20  1:42  Marine  
  20  1:44  Barracks  
  22  2:00  Marine, Factory  
  23  2:04  SCV  
  24  2:20  Engineering Bay  
  24  2:21  Marine  
  25  2:32  Supply Depot  
  25  2:35  Marine  
  26  2:39  Marine  
  27  2:48  Hellion  
  29  2:53  Reaper  
  29  2:55  Supply Depot  
  29  2:57  Marine  
  31  3:02  Refinery  
  31  3:13  Hellion  
  31  3:17  Marine  
  34  3:25  Reaper  
  35  3:35  Reaper  
  36  3:45  Armory  
  36  3:55  SCV  
  37  4:03  Hellion  
  39  4:25  Barracks Tech Lab  
  39  4:34  Supply Depot  
  39  4:40  Terran Infantry Armor Level 1  
  31  5:11  Marine, Reaper  
  31  5:14  Hellion  
  35  5:35  Hellion  
  37  5:44  Marauder  
  38  6:05  Marine  
  38  6:07  Reaper  
  38  6:09  Hellion  
  40  6:23  Reaper  
  37  6:30  Hellbat  
  36  6:39  Reaper  
  33  6:58  Marine  
  36  7:01  Hellion  
  36  7:11  Reaper  
  37  7:16  Marine  
  40  7:22  Hellion  
  40  7:28  Command Center  
  40  7:33  Marine  
  41  7:43  Reaper  
  41  7:44  Hellion  
  42  8:05  Hellion  
  44  8:15  Reaper  
  45  8:37  Starport  
  45  8:48  SCV  
  46  9:00  SCV  
  47  9:13  SCV  
  48  9:20  Viking  
  48  9:23  Reaper  
  51  9:25  Reaper, SCV  
  51  9:26  Hellion  
  55  9:35  Terran Vehicle Weapons Level 1  
  55  9:37  SCV  
  56  9:46  Terran Infantry Weapons Level 1  
  56  9:48  Hellion  
  56  9:50  Viking  
  60  9:55  Reaper  
  60  9:57  Reaper  
  62  10:09  Hellion  
  64  10:16  SCV  
  64  10:20  Viking  
  67  10:23  Supply Depot  
  67  10:28  SCV  
  67  10:31  Hellbat  
  61  10:41  SCV  
  61  10:45  Supply Depot  
  57  10:50  Viking  
  57  10:52  Hellbat  
  57  10:53  SCV  
  57  10:55  Marauder  
  64  11:05  SCV  
  65  11:13  Hellbat  
  65  11:17  Marauder  
  69  11:24  Starport Tech Lab  
  69  11:29  Planetary Fortress, Terran Vehicle And Ship Armor Level 1  
  69  11:39  Terran Infantry Armor Level 2  
  71  11:44  Factory Tech Lab  
  69  11:51  Marine x2  
  71  12:09  Reaper x2  
  42  12:40  Raven  
  42  12:41  Marauder  
  42  12:59  Bunker  
  42  13:03  Marauder  
  39  13:25  Marine x2  
  37  13:28  Bunker  
Tags
 
Matchup
PvT
Spawn Locations
Cross Positions
Add a new tag
Caveats
  • Supply blocks, unpowered buildings, or Contaminate may cause inaccurate times.
  • Supply counts are checked every 10 seconds.